Map: Altitude LE

Players

A.I. 1 (Easy) - Winner!

  • Race: Protoss Protoss
  • Spawn Location: 7:00

Alken

  • Race: Protoss Protoss
  • League: Master
  • Spawn Location: 1:00

VOD

Have the link to the VOD?

Description

Time

  • Played on: Jan. 27, 2023, 8:17 p.m.
  • Length: 6:25
Show
View Real Time Build Order
Export as new Build Order

A.I. 1 (Easy) Protoss - Winner!

Build Orders:  

Get SALT Encoding   

  12  0:00  Probe  
  13  0:13  Probe  
  14  0:20  Pylon  
  14  0:25  Probe  
  15  0:35  Probe  
  16  0:45  Assimilator  
  16  0:51  Gateway  
  16  0:55  Pylon  
  16  1:16  Assimilator  
  16  1:30  Zealot  
  18  1:42  Cybernetics Core  
  18  1:46  Probe  
  19  1:58  Pylon  
  19  1:59  Probe  
  19  2:07  Probe  
  19  2:08  Warp Gate  
  21  2:16  Probe  
  21  2:21  Adept  
  24  2:28  Probe  
  25  2:40  Probe  
  26  2:51  Adept  
  28  3:21  Stalker  
  30  5:19  Probe  
  30  5:23  Zealot  
  30  5:26  Pylon  
  33  5:44  Probe  
  33  5:45  Robotics Facility, Stalker  
  33  5:49  Pylon  
  34  5:56  Probe  
  29  6:08  Probe, Stalker  
Show
View Real Time Build Order
Export as new Build Order

Alken Protoss 

Build Orders:  

Get SALT Encoding   

  12  0:00  Probe  
  13  0:12  Probe  
  14  0:17  Pylon  
  14  0:24  Probe  
  15  0:36  Probe (Chrono Boost)  
  15  0:39  Gateway  
  16  0:47  Assimilator  
  16  0:48  Probe (Chrono Boost)  
  17  0:52  Probe (Chrono Boost)  
  18  0:57  Assimilator  
  18  1:03  Probe (Chrono Boost)  
  19  1:09  Gateway  
  19  1:20  Probe (Chrono Boost)  
  19  1:25  Probe (Chrono Boost)  
  20  1:28  Cybernetics Core  
  21  1:37  Probe  
  21  1:39  Pylon  
  22  1:49  Probe  
  23  2:01  Probe  
  23  2:05  Stalker x2  
  23  2:06  Warp Gate  
  28  2:19  Pylon  
  28  2:28  Probe  
  29  2:34  Stalker  
  31  2:37  Sentry  
  34  2:51  Nexus  
  33  2:52  Probe  
  34  3:02  Robotics Facility  
  34  3:04  Probe  
  35  3:07  Sentry  
  37  3:16  Probe  
  38  3:22  Pylon  
  38  3:28  Probe  
  38  3:32  Twilight Council  
  39  3:41  Probe  
  40  3:49  Immortal (Chrono Boost)  
  40  3:53  Probe  
  35  4:02  Resonating Glaives (Chrono Boost)  
  45  4:04  Gateway  
  45  4:05  Probe  
  46  4:11  Probe  
  47  4:20  Gateway  
  47  4:22  Probe  
  48  4:29  Immortal (Chrono Boost)  
  52  4:41  Gateway  
  52  4:44  Gateway  
  52  4:47  Probe  
  52  4:48  Probe  
  54  4:59  Probe  
  55  5:01  Pylon  
  55  5:03  Adept x2  
  59  5:07  Warp Prism (Chrono Boost)  
  61  5:18  Pylon  
  61  5:22  Adept  
  61  5:24  Pylon  
  61  5:26  Adept  
  65  5:30  Adept  
  67  5:44  Pylon  
  67  5:49  Adept x5  
  77  5:54  Adept  
  79  6:00  Probe  
  80  6:13  Adept x5  
  80  6:15  Adept  
Tags
 
League
Master
Matchup
PvP
Spawn Locations
Cross Positions
Add a new tag
Caveats
  • Supply blocks, unpowered buildings, or Contaminate may cause inaccurate times.
  • Supply counts are checked every 10 seconds.